AoeStats
← shali

Arabia

509320722Analyzed
1v1 RM · 6d ago on Sep 26, 2026· 46m 45s· 2 players
Game mode
Random Map
Map size
Tiny (2 player)
Population
200
Speed
Normal
Resources
Standard
Victory
Conquest
Starting age
Dark Age
Ending age
Imperial Age
RankedLock teamsTeams togetherTeam positionsShared explorationLock speedFull tech treeHidden civsTurbo modeCheats
Victory
Defeat
🇸🇦 Tupi · Saudi Arabia
860
+16
🇮🇱 Teutons · Israel
852
-43
shali
1:46 Loom
11:43 Feudal Age
15:47 Double-Bit Axe
15:46 Horse Collar
17:00 Gold Mining
18:06 Stone Mining
20:26 Fletching
21:42 Forging
21:36 Padded Archer Armor
23:50 Scale Mail Armor
25:03 Scale Barding Armor
27:50 Castle Age
26:58 Bloodlines
28:04 Wheelbarrow
30:44 Bodkin Arrow
33:47 Bow Saw
33:44 Heavy Plow
35:36 Squires
38:37 Chain Mail Armor
38:46 Chain Barding Armor
40:39 Leather Archer Armor
42:29 Stone Shaft Mining
44:31 Imperial Age
42:58 Iron Casting
46:15 Plate Mail Armor
46:19 Ring Archer Armor
45:29 Onager
neXus
10:49 Feudal Age
9:50 Loom
12:02 Double-Bit Axe
12:51 Gold Mining
19:47 Castle Age
17:55 Horse Collar
18:22 Stone Mining
20:09 Crossbowman
21:07 Elite Skirmisher
24:10 Gold Shaft Mining
24:15 Wheelbarrow
30:33 Imperial Age
30:01 Padded Archer Armor
29:52 Fletching
30:51 Caciques
32:16 Ballistics
32:40 Sanctity
32:15 Arbalester
33:10 Forging
33:01 Scale Mail Armor
33:13 Bodkin Arrow
33:44 Leather Archer Armor
36:02 Conscription
37:21 Ring Archer Armor
38:12 Heavy Plow
38:30 Bow Saw
41:48 Elite Blackwood Archer
44:39 Curare
45:50 Hand Cart
45:22 Town Watch
Connection lost

Rejoining the realm…

Still unreachable

The connection could not be restored.

Session expired

The server has moved on; the page needs a fresh start.